PAA
WESTWOOD SIXSHOOTERS @ OLYMPIA OGRES
05/31/2042
 
TOP OF THE 1ST
Westwood Sixshooters batting - Pitching for Olympia Ogres : LHP José Torres
Pitching: LHP José Torres
Batting: RHB Juan Sierra 0-0: Foul Ball, location: 2F
0-1: Bunt - Flyout to 23! F3
Batting: RHB John Siddall 0-0: Foul Ball, location: 2F
0-1: Foul Ball, location: 2F
0-2: Ball
1-2: Strikes out swinging
Batting: LHB Luis Benítez 0-0: Called Strike
0-1: Ball
1-1: Ball
2-1: Ball
3-1: Base on Balls
Batting: RHB Illarion Podmarkov 0-0: Called Strike
Luis Benítez steals 2nd base
0-1: Called Strike
0-2: Ball
1-2: Strikes out swinging
Top of the 1st over - 0 runs, 0 hits, 0 errors, 1 left on base; Westwood 0 - Olympia 0
BOTTOM OF THE 1ST
Olympia Ogres batting - Pitching for Westwood Sixshooters : RHP Rio Dring
Pitching: RHP Rio Dring
Batting: LHB Jeffery Smith 0-0: Called Strike
0-1: SINGLE (Groundball, 4MD, EV 110.6 MPH)
Batting: RHB Pepe Savinon 0-0: Ball
1-0: Called Strike
1-1: Foul Ball, location: 2F
1-2: DOUBLE (Flyball, 7LD, EV 91.9 MPH)
Jeffery Smith to third
Batting: LHB Sariyah Fateen 0-0: Ball
1-0: Foul Ball, location: 2F
1-1: Ball
2-1: Ball
3-1: Called Strike
3-2: Fly out, F3 (Popup, 3S, EV 67.5 MPH)
Batting: RHB Gyoo-jae Kil 0-0: Called Strike
0-1: Fly out, F7 (Flyball, 7S, EV 89.4 MPH)
Batting: LHB Boboy Enabore 0-0: Ground out U3 (Groundball, 3L, EV 80.0 MPH)
Bottom of the 1st over - 0 runs, 2 hits, 0 errors, 2 left on base; Westwood 0 - Olympia 0
TOP OF THE 2ND
Westwood Sixshooters batting - Pitching for Olympia Ogres : LHP José Torres
Batting: LHB Rick Kirkham 0-0: Called Strike
0-1: Ball
1-1: DOUBLE (Line Drive, 78D, EV 106.9 MPH)
Batting: RHB Slavik Akentiev 0-0: Ball
1-0: Foul Ball, location: 2F
1-1: Foul Ball, location: 2F
1-2: Ball
2-2: Ground out U3 (Groundball, 3L, EV 83.8 MPH)
Rick Kirkham to third
Batting: RHB Earl McCarty 0-0: Called Strike
0-1: Ball
1-1: Swinging Strike
1-2: Foul Ball, location: 2F
1-2: Ball
2-2: Strikes out swinging
Batting: RHB José Flores 0-0: Foul Ball, location: 2F
0-1: Ball
1-1: Ball
2-1: Swinging Strike
2-2: Strikes out swinging
Top of the 2nd over - 0 runs, 1 hit, 0 errors, 1 left on base; Westwood 0 - Olympia 0
BOTTOM OF THE 2ND
Olympia Ogres batting - Pitching for Westwood Sixshooters : RHP Rio Dring
Batting: SHB Nathan Brannon 0-0: Called Strike
0-1: Swinging Strike
0-2: Strikes out swinging, 2-3 out at first.
Batting: RHB Paul Stark 0-0: Ball
1-0: Swinging Strike
1-1: Ball
2-1: Swinging Strike
2-2: Ball
3-2: Base on Balls
Batting: LHB Earnest Younger 0-0: Called Strike
0-1: Foul Ball, location: 2F
0-2: Ball
1-2: Ball
2-2: Strikes out looking
Batting: RHB Alfonso Pereyra 0-0: Called Strike
0-1: Ball
1-1: Fly out, F8 (Flyball, 8LM, EV 91.9 MPH)
Bottom of the 2nd over - 0 runs, 0 hits, 0 errors, 1 left on base; Westwood 0 - Olympia 0
TOP OF THE 3RD
Westwood Sixshooters batting - Pitching for Olympia Ogres : LHP José Torres
Batting: RHB Hisashi Koumura 0-0: Ball
1-0: Ball
2-0: Foul Ball, location: 2F
2-1: Called Strike
2-2: Foul Ball, location: 2F
2-2: Foul Ball, location: 2F
2-2: Foul Ball, location: 2F
2-2: Foul Ball, location: 2F
2-2: Ball
3-2: SINGLE (Groundball, 56D, EV 108.8 MPH)
Batting: RHB Juan Sierra 0-0: Ball
1-0: Ball
2-0: Grounds into double play, 6-4-3 (Groundball, 6, EV 89.4 MPH)
Batting: RHB John Siddall 0-0: Ball
1-0: Ground out 5-3 (Groundball, 5S, EV 68.8 MPH)
Top of the 3rd over - 0 runs, 1 hit, 0 errors, 0 left on base; Westwood 0 - Olympia 0
BOTTOM OF THE 3RD
Olympia Ogres batting - Pitching for Westwood Sixshooters : RHP Rio Dring
Batting: LHB Jeffery Smith 0-0: Ball
1-0: Ball
2-0: Foul Ball, location: 2F
2-1: Ball
3-1: Called Strike
3-2: Foul Ball, location: 2F
3-2: Ground out 4-3 (Groundball, 4, EV 103.1 MPH)
Batting: RHB Pepe Savinon 0-0: Called Strike
0-1: Swinging Strike
0-2: Ball
1-2: Ball
2-2: Strikes out swinging
Batting: LHB Sariyah Fateen 0-0: Ball
1-0: Swinging Strike
1-1: Called Strike
1-2: Foul Ball, location: 2F
1-2: Foul Ball, location: 2F
1-2: Ball
2-2: Ball
3-2: Foul Ball, location: 2F
3-2: SINGLE (Groundball, 56D, EV 104.4 MPH)
Batting: RHB Gyoo-jae Kil 0-0: Ball
1-0: Foul Ball, location: 2F
1-1: Called Strike
1-2: Ball
2-2: Ball
3-2: Foul Ball, location: 2F
3-2: Base on Balls
Sariyah Fateen to second
Batting: LHB Boboy Enabore 0-0: Ball
1-0: Foul Ball, location: 2F
1-1: Foul Ball, location: 2F
1-2: SINGLE (Groundball, 4D, EV 95.0 MPH)
Sariyah Fateen to third
Gyoo-jae Kil to second
Runner from 3rd tries for Home, SAFE, no throw by CF
Batting: SHB Nathan Brannon 0-0: Called Strike
0-1: Called Strike
0-2: Ground out 1-3 (Groundball, P, EV 84.4 MPH)
Bottom of the 3rd over - 1 run, 2 hits, 0 errors, 2 left on base; Westwood 0 - Olympia 1
TOP OF THE 4TH
Westwood Sixshooters batting - Pitching for Olympia Ogres : LHP José Torres
Batting: LHB Luis Benítez 0-0: Ball
1-0: Foul Ball, location: 2F
1-1: Called Strike
1-2: Fly out, F7 (Flyball, 7LD, EV 110.6 MPH)
Batting: RHB Illarion Podmarkov 0-0: Ball
1-0: Ball
2-0: Ball
3-0: Base on Balls
Batting: LHB Rick Kirkham 0-0: Swinging Strike
0-1: SINGLE (Groundball, 4D, EV 94.4 MPH)
Illarion Podmarkov to second
Runner from 2nd tries for 3rd, SAFE, throw by CF made to third
Batting: RHB Slavik Akentiev 0-0: Swinging Strike
0-1: Swinging Strike
0-2: Ball
1-2: Strikes out swinging
Batting: RHB Earl McCarty 0-0: Ball
1-0: Called Strike
1-1: Ball
2-1: Called Strike
2-2: Strikes out swinging
Top of the 4th over - 0 runs, 1 hit, 0 errors, 2 left on base; Westwood 0 - Olympia 1
BOTTOM OF THE 4TH
Olympia Ogres batting - Pitching for Westwood Sixshooters : RHP Rio Dring
Batting: RHB Paul Stark 0-0: Called Strike
0-1: SINGLE (Line Drive, 3D, EV 95.6 MPH)
Batting: LHB Earnest Younger 0-0: Called Strike
0-1: Ball
1-1: Swinging Strike
1-2: Foul Ball, location: 2F
1-2: Ball
2-2: Fielders Choice at 2nd, 6-4 (Groundball, 56, EV 83.1 MPH)
Batting: RHB Alfonso Pereyra 0-0: Foul Ball, location: 2F
0-1: Hit by Pitch
Earnest Younger to second
Batting: LHB Jeffery Smith 0-0: Fielders Choice at 2nd, 3-6 (Groundball, 3, EV 103.8 MPH)
Earnest Younger to third
Batting: RHB Pepe Savinon 0-0: Ball
1-0: Ball
2-0: Ground out 6-3 (Groundball, 6S, EV 83.8 MPH)
Bottom of the 4th over - 0 runs, 1 hit, 0 errors, 2 left on base; Westwood 0 - Olympia 1
TOP OF THE 5TH
Westwood Sixshooters batting - Pitching for Olympia Ogres : LHP José Torres
Batting: RHB José Flores 0-0: Called Strike
0-1: Ball
1-1: SINGLE (Flyball, 9S, EV 85.0 MPH) - OUT at second base trying to stretch hit.
Batting: RHB Hisashi Koumura 0-0: Called Strike
0-1: Swinging Strike
0-2: Hit by Pitch
Batting: RHB Juan Sierra 0-0: Ball
1-0: Fielders Choice at 2nd, 5-4 (Groundball, 56S, EV 85.6 MPH)
Batting: RHB John Siddall 0-0: Fly out, F3 (Popup, 34, EV 65.0 MPH)
Top of the 5th over - 0 runs, 1 hit, 0 errors, 1 left on base; Westwood 0 - Olympia 1
BOTTOM OF THE 5TH
Olympia Ogres batting - Pitching for Westwood Sixshooters : RHP Rio Dring
Pitching: RHP Júlio Rosales
Batting: LHB Sariyah Fateen 0-0: Ball
1-0: Called Strike
1-1: Ball
2-1: Called Strike
2-2: Fly out, F5 (Popup, 25F, EV 86.2 MPH)
Batting: RHB Gyoo-jae Kil 0-0: Ball
1-0: Ground out 5-3 (Groundball, 56, EV 92.5 MPH)
Batting: LHB Boboy Enabore 0-0: Called Strike
0-1: Fly out, F5 (Popup, 5SF, EV 72.5 MPH)
Bottom of the 5th over - 0 runs, 0 hits, 0 errors, 0 left on base; Westwood 0 - Olympia 1
TOP OF THE 6TH
Westwood Sixshooters batting - Pitching for Olympia Ogres : LHP José Torres
Batting: LHB Luis Benítez 0-0: Swinging Strike
0-1: Ball
1-1: Foul Ball, location: 2F
1-2: Ball
2-2: Ball
3-2: Foul Ball, location: 2F
3-2: Fly out, F6 (Popup, 6D, EV 50.0 MPH)
Batting: RHB Illarion Podmarkov 0-0: Ball
1-0: Swinging Strike
1-1: Swinging Strike
1-2: SINGLE (Flyball, 9S, EV 84.4 MPH) - OUT at second base trying to stretch hit.
Batting: LHB Rick Kirkham 0-0: Ball
1-0: Called Strike
1-1: Reached on error, E4 (Groundball, 4M, EV 105.6 MPH)
Batting: RHB Slavik Akentiev 0-0: Foul Ball, location: 2F
0-1: Called Strike
0-2: Fielders Choice at 2nd, 6-4 (Groundball, 6, EV 88.1 MPH)
Top of the 6th over - 0 runs, 1 hit, 1 error, 1 left on base; Westwood 0 - Olympia 1
BOTTOM OF THE 6TH
Olympia Ogres batting - Pitching for Westwood Sixshooters : RHP Júlio Rosales
Batting: SHB Nathan Brannon 0-0: Ball
1-0: SINGLE (Groundball, 4S, EV 86.2 MPH) (infield hit)
Batting: RHB Paul Stark 0-0: Called Strike
0-1: Swinging Strike
0-2: Ball
1-2: Foul Ball, location: 2F
1-2: Ball
2-2: Strikes out looking
Batting: LHB Earnest Younger 0-0: Called Strike
0-1: Ball
1-1: Ball
2-1: Called Strike
2-2: Ball
3-2: Fly out, F7 (Line Drive, 7, EV 86.2 MPH)
Batting: RHB Alfonso Pereyra 0-0: Ball
1-0: Called Strike
1-1: Called Strike
1-2: Ball
2-2: Strikes out swinging
Bottom of the 6th over - 0 runs, 1 hit, 0 errors, 1 left on base; Westwood 0 - Olympia 1
TOP OF THE 7TH
Westwood Sixshooters batting - Pitching for Olympia Ogres : LHP José Torres
Pitching: LHP Virgil Gilbert
Batting: RHB Earl McCarty 0-0: Ball
1-0: Ball
2-0: Ball
3-0: Base on Balls
Batting: RHB José Flores 0-0: Called Strike
0-1: Bunted foul
0-2: Strikes out swinging
Batting: RHB Hisashi Koumura 0-0: Swinging Strike
0-1: SINGLE (Groundball, 34, EV 85.6 MPH) (infield hit)
Earl McCarty to second
Batting: RHB Juan Sierra 0-0: Ball
1-0: Ball
2-0: Ball
3-0: Called Strike
3-1: Base on Balls
Earl McCarty to third
Hisashi Koumura to second
Batting: RHB John Siddall 0-0: Called Strike
0-1: Called Strike
0-2: Ball
1-2: SINGLE (Groundball, 34, EV 85.0 MPH) (infield hit)
Earl McCarty scores
Hisashi Koumura to third
Juan Sierra to second
Batting: LHB Luis Benítez 0-0: Ball
1-0: Foul Ball, location: 2F
1-1: Foul Ball, location: 2F
1-2: Fly out, F8 (Line Drive, 8RM, EV 88.8 MPH)
Runner from 3rd tags up, SCORES, throw by CF
Batting: RHB Illarion Podmarkov 0-0: Called Strike
0-1: Ground out 5-3 (Groundball, 56S, EV 78.8 MPH)
Top of the 7th over - 2 runs, 2 hits, 0 errors, 2 left on base; Westwood 2 - Olympia 1
BOTTOM OF THE 7TH
Olympia Ogres batting - Pitching for Westwood Sixshooters : RHP Júlio Rosales
Batting: LHB Jeffery Smith 0-0: Called Strike
0-1: Ball
1-1: Fly out, F3 (Line Drive, 3, EV 65.6 MPH)
Batting: RHB Pepe Savinon 0-0: Ground out 6-3 (Groundball, 56D, EV 105.0 MPH)
Batting: LHB Sariyah Fateen 0-0: Called Strike
0-1: Ball
1-1: Ball
2-1: Swinging Strike
2-2: Foul Ball, location: 2F
2-2: Ball
3-2: Base on Balls
Pitching: RHP Finley Brinley
Batting: RHB Gyoo-jae Kil 0-0: Swinging Strike
0-1: Ball
1-1: Swinging Strike
1-2: Ball
2-2: Foul Ball, location: 2F
2-2: Ball
3-2: Base on Balls
Sariyah Fateen to second
Batting: LHB Boboy Enabore 0-0: Fly out, F8 (Flyball, 8LM, EV 88.1 MPH)
Bottom of the 7th over - 0 runs, 0 hits, 0 errors, 2 left on base; Westwood 2 - Olympia 1
TOP OF THE 8TH
Westwood Sixshooters batting - Pitching for Olympia Ogres : LHP Virgil Gilbert
Batting: LHB Rick Kirkham 0-0: Swinging Strike
0-1: Ball
1-1: Called Strike
1-2: Foul Ball, location: 2F
1-2: Foul Ball, location: 2F
1-2: Strikes out swinging
Batting: RHB Slavik Akentiev 0-0: Swinging Strike
0-1: Ball
1-1: Called Strike
1-2: Ball
2-2: SINGLE (Line Drive, 8RM, EV 98.1 MPH)
Pitching: LHP Roberto Sáenz
Batting: RHB Earl McCarty 0-0: Ball
1-0: Fly out, F8 (Line Drive, 8LD, EV 90.0 MPH)
Batting: RHB José Flores 0-0: Foul Ball, location: 2F
0-1: Called Strike
0-2: Foul Ball, location: 2F
0-2: Ball
1-2: Ground out U3 (Groundball, 3L, EV 86.9 MPH)
Top of the 8th over - 0 runs, 1 hit, 0 errors, 1 left on base; Westwood 2 - Olympia 1
BOTTOM OF THE 8TH
Olympia Ogres batting - Pitching for Westwood Sixshooters : RHP Finley Brinley
Now at SS: Sterling Massingham
Batting: SHB Nathan Brannon 0-0: Ground out 6-3 (Groundball, 6M, EV 78.8 MPH)
Batting: RHB Paul Stark 0-0: Called Strike
0-1: Foul Ball, location: 2F
0-2: Ball
1-2: Fly out, F4 (Line Drive, 4, EV 76.2 MPH)
Batting: LHB Earnest Younger 0-0: Called Strike
0-1: Foul Ball, location: 2F
0-2: Ball
1-2: Ground out 1-3 (Groundball, 13, EV 81.2 MPH)
Bottom of the 8th over - 0 runs, 0 hits, 0 errors, 0 left on base; Westwood 2 - Olympia 1
TOP OF THE 9TH
Westwood Sixshooters batting - Pitching for Olympia Ogres : LHP Roberto Sáenz
Batting: RHB Hisashi Koumura 0-0: Ball
1-0: Foul Ball, location: 2F
1-1: Ball
2-1: Ground out 4-3 (Groundball, 4S, EV 67.5 MPH)
Batting: RHB Juan Sierra 0-0: Ball
1-0: Ball
2-0: Reached on error, E6 (Groundball, 6, EV 100.0 MPH)
Batting: RHB John Siddall 0-0: Ball
Pickoff Throw to First - Out! 1-3
1-0: Foul Ball, location: 2F
1-1: Called Strike
1-2: Foul Ball, location: 2F
1-2: Ball
2-2: SINGLE (Groundball, 34D, EV 101.9 MPH)
Batting: LHB Luis Benítez 0-0: Foul Ball, location: 2F
0-1: Ball
1-1: Called Strike
1-2: SINGLE (Line Drive, 6D, EV 94.4 MPH)
John Siddall to second
Runner from 2nd tries for 3rd, SAFE, no throw by CF
Batting: RHB Sterling Massingham 0-0: Ball
1-0: DOUBLE (Line Drive, 78M, EV 94.4 MPH)
John Siddall scores
Luis Benítez to third
Batting: LHB Rick Kirkham 0-0: Fly out, F7 (Flyball, 78M, EV 83.1 MPH)
Top of the 9th over - 1 run, 3 hits, 1 error, 2 left on base; Westwood 3 - Olympia 1
BOTTOM OF THE 9TH
Olympia Ogres batting - Pitching for Westwood Sixshooters : RHP Finley Brinley
Pitching: RHP Manny Rodríguez
Batting: RHB Alfonso Pereyra 0-0: Ball
1-0: Ball
2-0: Ball
3-0: Swinging Strike
3-1: Foul Ball, location: 2F
3-2: Foul Ball, location: 2F
3-2: Base on Balls
Batting: LHB Jeffery Smith 0-0: Ball
1-0: Called Strike
1-1: Ball
2-1: Foul Ball, location: 2F
2-2: Ball
3-2: Foul Ball, location: 2F
3-2: Fly out, F8 (Line Drive, 8LM, EV 88.1 MPH)
Batting: RHB Pepe Savinon 0-0: Called Strike
0-1: Foul Ball, location: 2F
0-2: DOUBLE (Groundball, 5L, EV 100.0 MPH)
Alfonso Pereyra to third
Batting: LHB Sariyah Fateen 0-0: Ball
1-0: SINGLE (Flyball, 8LS, EV 90.0 MPH)
Alfonso Pereyra scores
Pepe Savinon to third
Runner from 3rd tries for Home, SAFE, no throw by CF
Batting: RHB Gyoo-jae Kil 0-0: Called Strike
0-1: Fly out, F9 (Flyball, 9, EV 96.2 MPH)
Batting: LHB Boboy Enabore 0-0: Ground out U3 (Groundball, 34, EV 80.0 MPH)
Bottom of the 9th over - 2 runs, 2 hits, 0 errors, 1 left on base; Westwood 3 - Olympia 3
TOP OF THE 10TH
Westwood Sixshooters batting - Pitching for Olympia Ogres : LHP Roberto Sáenz
Pitching: LHP Zach Brown
Batting: RHB Slavik Akentiev 0-0: Called Strike
0-1: Ball
1-1: Foul Ball, location: 2F
1-2: Foul Ball, location: 2F
1-2: Foul Ball, location: 2F
1-2: Ball
2-2: Ball
3-2: Base on Balls
Batting: RHB Earl McCarty 0-0: Ball
1-0: Called Strike
1-1: Foul Ball, location: 2F
1-2: Strikes out swinging
Batting: RHB José Flores 0-0: Called Strike
0-1: Ball
1-1: Ball
2-1: Fly out, F8 (Flyball, 8RD, EV 90.6 MPH)
Batting: RHB Hisashi Koumura 0-0: Ball
1-0: Foul Ball, location: 2F
1-1: Ball
2-1: Ball
3-1: Called Strike
3-2: Foul Ball, location: 2F
3-2: Fly out, F8 (Flyball, 8RM, EV 87.5 MPH)
Top of the 10th over - 0 runs, 0 hits, 0 errors, 1 left on base; Westwood 3 - Olympia 3
BOTTOM OF THE 10TH
Olympia Ogres batting - Pitching for Westwood Sixshooters : RHP Manny Rodríguez
Pitching: RHP Koswara Setiadji
Batting: SHB Nathan Brannon 0-0: Ball
1-0: Fly out, F5 (Popup, 5F, EV 75.0 MPH)
Batting: RHB Paul Stark 0-0: Ball
1-0: Ball
2-0: Called Strike
2-1: Ball
3-1: Base on Balls
Pinch Hitting: LHB Aniq bin Mu'ayyad 0-0: Swinging Strike
0-1: Foul Ball, location: 2F
0-2: Fielders Choice at 2nd, 5-4 (Groundball, 56, EV 94.4 MPH)
Pinch Hitting: LHB Ramón Vegerano 0-0: Called Strike
0-1: Ball
1-1: Ball
2-1: Called Strike
2-2: Ball
3-2: Foul Ball, location: 2F
3-2: Strikes out looking
Bottom of the 10th over - 0 runs, 0 hits, 0 errors, 1 left on base; Westwood 3 - Olympia 3
TOP OF THE 11TH
Westwood Sixshooters batting - Pitching for Olympia Ogres : LHP Zach Brown
Now at C: Donald Boyd
Now at SS: Claudio Vargas
Batting: RHB Juan Sierra 0-0: Foul Ball, location: 2F
0-1: Ball
1-1: Swinging Strike
1-2: Fly out, F9 (Line Drive, 9D, EV 90.6 MPH)
Batting: RHB John Siddall 0-0: Called Strike
0-1: Swinging Strike
0-2: Strikes out swinging
Batting: LHB Luis Benítez 0-0: Ball
1-0: Ball
2-0: Foul Ball, location: 2F
2-1: Called Strike
2-2: Ball
3-2: SINGLE (Line Drive, 9S, EV 98.8 MPH)
Batting: RHB Sterling Massingham 0-0: Ground out 5-3 (Groundball, 56S, EV 83.8 MPH)
Top of the 11th over - 0 runs, 1 hit, 0 errors, 1 left on base; Westwood 3 - Olympia 3
BOTTOM OF THE 11TH
Olympia Ogres batting - Pitching for Westwood Sixshooters : RHP Koswara Setiadji
Batting: LHB Jeffery Smith 0-0: Ball
1-0: Called Strike
1-1: Foul Ball, location: 2F
1-2: DOUBLE (Line Drive, 78D, EV 103.1 MPH)
Batting: RHB Pepe Savinon 0-0: Swinging Strike
0-1: Called Strike
0-2: Ball
1-2: Ball
2-2: Strikes out swinging
Batting: LHB Sariyah Fateen 0-0: Intentional Walk
Batting: RHB Gyoo-jae Kil 0-0: Ball
1-0: Ball
2-0: Ball
3-0: Base on Balls
Jeffery Smith to third
Sariyah Fateen to second
Batting: LHB Boboy Enabore 0-0: Called Strike
0-1: SINGLE (Groundball, 34D, EV 103.8 MPH)
Jeffery Smith scores
Friday, March 26th, 2021 - OOTP Baseball 20.8 Build 74